 Dungeon Crawl Stone Soup version 0.25.1-2-g60ff931df9 (webtiles) character file.

Game seed: 6140979277185242052

74 Delamore the Cudgeler (level 4, 0/28 HPs)
             Began as a Gargoyle Fighter on Aug 18, 2020.
             Slain by a goblin (3 damage)
             ... led by Robin
             ... on level 2 of the Dungeon.
             The game lasted 00:01:24 (1278 turns).

Delamore the Cudgeler (Gargoyle Fighter)            Turns: 1278, Time: 00:01:25

Health: 0/28       AC: 15    Str: 20    XL:     4   Next: 28%
Magic:  4/4        EV:  5    Int:  9    God:
Gold:   86         SH:  9    Dex:  9    Spells: 3/3 levels left

rFire    . . .     SeeInvis .   a - +0 flail
rCold    . . .     Gourm    .   c - +0 kite shield
rNeg     + . .     Faith    .   l - +0 chain mail
rPois    ∞         Spirit   .   i - +0 helmet
rElec    +         Reflect  .   g - +0 cloak
rCorr    .         Harm     .   (no gloves)
MR       .....                  (no boots)
Stlth    ..........             (no amulet)
HPRegen  0.09/turn              p - ring of wizardry
MPRegen  0.09/turn              (no ring)

@: mighty
A: negative energy resistance 1, electricity resistance, unbreathing,
petrification resistance, rot immunity, AC +3
a: no special abilities


You were on level 2 of the Dungeon.
You were not hungry.

You visited 1 branch of the dungeon, and saw 2 of its levels.

You collected 86 gold pieces.

Inventory:

Hand Weapons
 a - a +0 flail (weapon)
Missiles
 e - a throwing net (quivered)
Armour
 b - a +0 scale mail
 c - a +0 kite shield (worn)
 g - a +0 cloak (worn)
 i - a +0 helmet (worn)
 l - a +0 chain mail (worn)
Jewellery
 p - a ring of wizardry (left hand)
Wands
 n - a wand of random effects (18)
Scrolls
 h - 3 scrolls of identify {unknown}
 j - a scroll of remove curse {unknown}
 m - a scroll of teleportation {unknown}
 q - a scroll of noise {unknown}
Potions
 k - a potion of heal wounds {unknown}
 o - 2 potions of curing {unknown}
Comestibles
 f - 4 rations


   Skills:
 - Level 3.2 Fighting
 + Level 4.4 Maces & Flails
 - Level 3.2 Armour
 - Level 3.2 Shields


You had 3 spell levels left.
You didn't know any spells.
Your spell library was empty.

Dungeon Overview and Level Annotations

Branches:
Dungeon (2/15)

Altars:
Makhleb
Zin

Annotations:
D:2 Robin


Innate Abilities, Weirdness & Mutations

You are resistant to torment.
Your stone body is resilient. (AC +3)
You are immune to poison.
You resist negative energy. (rN+)
You are resistant to electric shocks. (rElec)
You can survive without breathing.
You are immune to petrification.
You are immune to rotting.


Message History

You closely miss the hobgoblin. You block the hobgoblin's attack.
Your chain mail prevents you from hitting the hobgoblin.
The hobgoblin hits you but does no damage.
You barely miss the hobgoblin. You block the hobgoblin's attack.
You hit the hobgoblin.
You kill the hobgoblin!
Your chain mail prevents you from hitting the hobgoblin.
You block the hobgoblin's attack.
Robin roars a battlecry!
The hobgoblin hits you but does no damage.
You sock the hobgoblin!
You kill the hobgoblin!
Robin throws the goblin at you!
You swing at nothing.
The goblin hits you but does no damage.
You closely miss Robin. The goblin hits you.
* * * LOW HITPOINT WARNING * * *
Robin roars a battlecry!
The hobgoblin goes into a battle-frenzy!
The goblin hits you.
You die...

#.###.# ...#
#.# .# #.# .#
#.# #.# #<# #.
#.# .#### #.#
[..##
#.#####)..#
#.>.g@gg..#
#######........
###......
######


You could see Robin, a hobgoblin (strong) and a goblin (strong).

Vanquished Creatures
  Jessica (D:2)
  An adder (D:2)
  An ooze (D:2)
  2 bats (D:1)
  2 giant cockroaches
  11 goblins
  3 hobgoblins (D:2)
  3 jackals (D:1)
  2 ball pythons
  2 frilled lizards
  3 kobolds
  2 rats
33 creatures vanquished.

Notes
Turn   | Place    | Note
-------+----------+-------------------------------------------
     0 | D:1      | Delamore the Gargoyle Fighter began the quest for the Orb.
     0 | D:1      | Reached XP level 1. HP: 14/14 MP: 1/1
   325 | D:1      | Reached XP level 2. HP: 17/19 MP: 2/2
   503 | D:1      | Reached skill level 3 in Maces & Flails
   967 | D:2      | Found a faded altar of an unknown god.
   975 | D:2      | Noticed Jessica
   993 | D:2      | Killed Jessica
   993 | D:2      | Reached XP level 3. HP: 18/23 MP: 3/3
  1158 | D:2      | Reached skill level 4 in Maces & Flails
  1197 | D:2      | Found a burning altar of Makhleb.
  1199 | D:2      | Found a glowing silver altar of Zin.
  1199 | D:2      | Noticed an angel
  1200 | D:2      | Noticed a balrug
  1225 | D:2      | Reached XP level 4. HP: 28/28 MP: 4/4
  1249 | D:2      | Noticed Robin
  1278 | D:2      | Slain by a goblin

Illustrated notes

Levels and vault maps discovered:
D:1:      roderic_chinese_lattice_arrival, layout_basic
D:2:      layout_loops_ring, grunt_temple_overflow_order_and_chaos_2,
          lemuel_doored_altar, chequers_ecumenical_altar_simple_redux,
          uniq_sigmund, uniq_jessica, uniq_robin

Skill      XL: |  1  2  3 |
---------------+----------+-----
Maces & Flails | 3 4 |  4.4
Fighting       | |  3.2
Armour         | |  3.2
Shields        | |  3.2

Action                   |  1- 3 |  4- 6 || total
-------------------------+-------+-------++-------
Melee: Flail             |    99 |    23 ||   122
  Use: Potion            |       |     1 ||     1
  Eat: Chunk             |     1 |       ||     1
Armor: Scale mail        |    30 |       ||    30
       Chain mail        |    34 |    47 ||    81
Dodge: Dodged            |    26 |    15 ||    41
Block: Kite shield       |    48 |    27 ||    75
